 Dungeon Crawl Stone Soup version 0.24-a0-203-gf0bc1e9 (webtiles) character file.

Game seed: 13387301637625373218

25 Inarius the Skirmisher (level 2, -4/24 HPs)
             Began as a Demonspawn Abyssal Knight on Mar 27, 2019.
             Was a Follower of Lugonu.
             Slain by an adder (6 damage)
             ... on level 2 of the Dungeon.
             The game lasted 00:02:04 (877 turns).

Inarius the Skirmisher (Demonspawn Abyssal Knight)   Turns: 877, Time: 00:02:04

Health: -4/24      AC:  4    Str: 12    XL:     2   Next: 86%
Magic:  3/3        EV: 11    Int: 13    God:    Lugonu [*.....]
Gold:   26         SH:  0    Dex: 12    Spells: 1/1 levels left

rFire    . . .     SeeInvis .   a - +1 hand axe
rCold    . . .     Gourm    .   (no shield)
rNeg     . . .     Faith    .   j - +1 leather armour (curse)
rPois    .         Spirit   .   (no helmet)
rElec    .         Reflect  .   (no cloak)
rCorr    .         Harm     +   (no gloves)
MR       +....                  (no boots)
Stlth    ..........             k - amulet of harm
HPRegen  0.08/turn              e - ring of attention (curse)
MPRegen  0.08/turn              f - ring of protection from magic

@: lethally poisoned (-4 -> -7)
A: powered by pain 1
a: Depart the Abyss, Renounce Religion


You were on level 2 of the Dungeon.
You worshipped Lugonu.
Lugonu was aware of your devotion.
You were not hungry.

You visited 1 branch of the dungeon, and saw 2 of its levels.
You visited the Abyss 1 time.

You collected 26 gold pieces.

Inventory:

Hand Weapons
 a - a +1 hand axe (weapon)
Armour
 j - a cursed +1 leather armour (worn)
Jewellery
 e - a cursed ring of attention (left hand)
 f - a ring of protection from magic (right hand)
 k - an amulet of harm (around neck)
Potions
 h - a potion of curing {unknown}
Comestibles
 c - 4 rations


   Skills:
 + Level 3.3 Fighting
 * Level 2.3 Axes
 * Level 2.1 Armour
 - Level 1.0 Dodging
 * Level 2.6 Invocations


You had one spell level left.
You didn't know any spells.
Your spell library was empty.

Dungeon Overview and Level Annotations

Branches:
Dungeon (2/15)

Altars:


Innate Abilities, Weirdness & Mutations

You sometimes gain a little power by taking damage.


Message History

You feel sick. The adder bites you. x2
You miss the adder.
The adder is moderately wounded.
The adder misses you.
You closely miss the adder.
The adder is moderately wounded.
You hit the hobgoblin but do no damage. The adder bites you.
The hobgoblin hits you. The adder bites you.
* * * LOW HITPOINT WARNING * * *
You barely miss the adder.
The adder is moderately wounded.
You barely miss the hobgoblin.
You feel sick. The hobgoblin hits you.
* * * LOW HITPOINT WARNING * * *
The adder barely misses you. The hobgoblin barely misses you.
Unknown command.
You hit the adder.
The adder is heavily wounded.
You barely miss the hobgoblin. You closely miss the adder.
The adder closely misses you. The adder bites you.
You die...

...........##
.............#
.............# #
............#.#
#..........#.#####
#............##...
#.......$.......#
####...............##
.......).S@..#####..#
.##.....†Sg..###....#
............$##.....##..#
....^........#<.........#
.##..........#.......##.#
##.................#
##...............##
###..............#
#..........>...#


You could see 2 adders and a hobgoblin.

Vanquished Creatures
  A dart slug (D:2)
  A leopard gecko (D:1)
  A ball python (D:1)
  A giant cockroach (D:2)
  2 goblins
  4 hobgoblins
  5 bats
  4 frilled lizards
  A kobold (D:1)
  3 rats
23 creatures vanquished.

Notes
Turn   | Place    | Note
-------+----------+-------------------------------------------
     0 | Abyss:1  | Inarius the Demonspawn Abyssal Knight began the quest for
                  | the Orb.
     0 | Abyss:1  | Reached XP level 1. HP: 18/18 MP: 2/2
    42 | Abyss:1  | Noticed an apocalypse crab
    44 | D:1      | Escaped the Abyss
   129 | D:1      | Reached skill level 1 in Dodging
   341 | D:1      | Gained mutation: You sometimes gain a little power by
                  | taking damage. [demonic ancestry]
   341 | D:1      | Reached XP level 2. HP: 24/24 MP: 3/3
   349 | D:1      | Reached * piety under Lugonu
   877 | D:2      | Slain by an adder

Levels and vault maps discovered:
D:1:      nicolae_arrival_memento_mori, layout_basic
D:2:      layout_rooms, eat_drink_and_be_merry_uskayaw, uniq_natasha,
          uniq_crazy_yiuf_cottage
Abyss:1

Skill      XL: |  1 |
---------------+----+-----
Dodging        | 1 |  1.0
Axes           | 2 |  2.3
Armour         | 2 |  2.1
Fighting       | |  3.3
Invocations    | |  2.6

Action                   || total
-------------------------++-------
Melee: Hand axe          ||    58
Invok: Depart the Abyss  ||     1
  Use: Scroll            ||     4
Armor: Leather armour    ||    18
Dodge: Dodged            ||    46

Table legend:
 A = Non-vault XP
 B = Vault XP
 C = Vault XP percentage of total XP
 D = Non-vault monster count
 E = Vault monster count
 F = Vault count percentage of total count
                 A         B        C        D         E       F
            +---------+---------+-------+---------+---------+-------
      Total |      37 |       0 |   0.0 |      23 |       0 |   0.0
            +---------+---------+-------+---------+---------+-------
        D:1 |      22 |       0 |   0.0 |      14 |       0 |   0.0
        D:2 |      15 |       0 |   0.0 |       9 |       0 |   0.0
            +---------+---------+-------+---------+---------+-------
